 Dungeon Crawl Stone Soup version 0.17-a0-764-gd40c196 (webtiles) character file.

482 topher the Covert (level 7, 0/46 HPs)
             Began as an Octopode Assassin on Apr 23, 2015.
             Was a Follower of Okawaru.
             Shot with an arrow by a centaur (13 damage)
             ... on level 5 of the Dungeon.
             The game lasted 00:20:28 (4049 turns).

topher the Covert (Octopode Assassin)               Turns: 4049, Time: 00:20:28

Health: 0/46       AC:  1    Str: 12    XL:     7   Next: 12%
Magic:  7/7        EV: 13    Int: 14    God:    Okawaru [*.....]
Gold:   211        SH:  0    Dex: 15    Spells: 0 memorised, 6 levels left

rFire  . . .     SeeInvis .     b - +0 blowgun
rCold  + + .     Clarity  +     (no shield)
rNeg   . . .     SustAb   .     (helmet restricted)
rPois  .         Gourm    .     s - amulet of clarity
rElec  .         Spirit   .     p - ring of protection from cold
rCorr  .         Warding  .     q - ring of protection from cold
rMut   .         Stasis   .     y - ring of protection from magic
MR     +....                    z - +2 ring of strength
Stlth  ++++++....               (no ring)
                                (no ring)
                                (no ring)
                                (no ring)

@: somewhat resistant to hostile enchantments, very stealthy
A: almost no armour, amphibious, 8 rings, constrict 8, camouflage 1, gelatinous
body 1
a: Heroism, Renounce Religion


You were on level 5 of the Dungeon.
You worshipped Okawaru.
Okawaru was aware of your devotion.
You were not hungry.

You visited 1 branch of the dungeon, and saw 5 of its levels.

You collected 211 gold pieces.

Inventory:

Hand weapons
 a - a +2 dagger of draining
 b - a +0 blowgun (weapon)
 u - a +2 dagger of speed
Missiles
 c - 33 poisoned needles (quivered)
 C - 4 tomahawks of returning
Jewellery
 p - a ring of protection from cold (left tentacle)
 q - a ring of protection from cold (right tentacle)
 s - an amulet of clarity (around mantle)
 y - a ring of protection from magic (on tentacle)
 z - a +2 ring of strength (on tentacle)
 E - an uncursed ring of protection from magic
Magical devices
 k - a wand of digging (16)
Scrolls
 g - a scroll of teleportation
 h - a scroll of amnesia
 i - 2 scrolls of identify
 j - a scroll of fear {unknown}
 m - a scroll of recharging {unknown}
 n - 2 scrolls of remove curse
 r - 2 scrolls of blinking
 x - a scroll of magic mapping {unknown}
Potions
 l - a potion of haste {unknown}
 o - a potion of agility
 t - a potion of mutation {unknown}
 w - 3 potions of resistance
 A - a potion of curing
 B - a potion of restore abilities {unknown}
Comestibles
 d - 2 chunks of flesh
 e - 4 bread rations
 f - 2 meat rations
 v - 2 royal jellies
 D - a slice of pizza


   Skills:
 * Level 3.0 Fighting
 * Level 1.9 Short Blades
 + Level 2.7 Throwing
 + Level 2.4 Dodging
 * Level 9.6 Stealth


You had 6 spell levels left.
You didn't know any spells.

Dungeon Overview and Level Annotations

Branches:
Dungeon (5/15)
 Temple: D:4-7

Altars:
Dithmenos
Makhleb
Okawaru
Zin


Innate Abilities, Weirdness & Mutations

You cannot wear most types of armour.
You are amphibious.
You can wear up to eight rings at the same time.
You can use your tentacles to constrict eight enemies at once.
Your skin changes colour to match your surroundings (Stealth).
Your rubbery body absorbs attacks (AC +1).


Message History

You feel a little less agile now.
You start resting.
Some of the chunks of flesh in your inventory have rotted away.
You start resting.
A centaur comes into view.
Wield which item (- for none, * to show all)? (? for menu, Esc to quit)
b - a +0 blowgun (weapon)
The centaur shouts!
The centaur wields a shortbow.
The centaur shoots an arrow.
The arrow hits you!
Firing (i - inventory. (,) - cycle):
c - 34 poisoned needles (quivered)
Press: ? - help, Shift-Dir - straight line, f - centaur
Aim: a centaur, wielding a shortbow You shoot a poisoned needle.
The poisoned needle hits the centaur!
The centaur is poisoned.
The centaur shoots an arrow.
The arrow hits you!
* * * LOW HITPOINT WARNING * * *
The centaur shoots an arrow.
The arrow hits you!
* * * LOW HITPOINT WARNING * * *
Drink which item? (? for menu, Esc to quit)
You feel better.
The centaur shoots an arrow.
The arrow hits you!
You die...

.. ... .....
...... $
###..... #.#
######.....o.
#...#.......#
#...##...####
#..........@#
#...........#
#...........#
.........c....#
...#......^...#
.
####...##.....
###..#.....
##...... #....


You could see a centaur.

Vanquished Creatures
  An ogre (D:4)
  A scorpion (D:4)
  An orc priest (D:4)
  Ijyb (D:3)
  2 orc wizards (D:4)
  A worker ant (D:4)
  Robin (D:4)
  7 adders
  4 gnolls (D:3)
  An ooze (D:2)
  A worm (D:3)
  A giant gecko (D:2)
  8 orcs (D:4)
  7 bats
  6 giant cockroaches
  6 hobgoblins
  6 jackals
  2 quokkas
  A giant newt (D:2)
  21 goblins
  7 kobolds
  10 rats
96 creatures vanquished.

Notes
Turn   | Place    | Note
--------------------------------------------------------------
     0 | D:1      | topher, the Octopode Assassin, began the quest for the Orb.
     0 | D:1      | Reached XP level 1. HP: 14/14 MP: 1/1
   244 | D:1      | Reached XP level 2. HP: 2/19 MP: 2/2
   643 | D:1      | Reached skill level 6 in Stealth
   924 | D:2      | Reached XP level 3. HP: 22/24 MP: 3/3
  1385 | D:2      | Reached skill level 7 in Stealth
  1404 | D:2      | Reached XP level 4. HP: 24/29 MP: 4/4
  1939 | D:3      | Found a burning altar of Makhleb.
  1939 | D:3      | Noticed an Executioner
  1942 | D:3      | Found a glowing silver altar of Zin.
  1942 | D:3      | Noticed an angel
  2009 | D:3      | Reached skill level 1 in Short Blades
  2167 | D:3      | Reached XP level 5. HP: 18/35 MP: 5/5
  2174 | D:3      | Reached skill level 8 in Stealth
  2462 | D:3      | Found an iron altar of Okawaru.
  2462 | D:3      | Found a shadowy altar of Dithmenos.
  2467 | D:3      | Became a worshipper of Warmaster Okawaru
  2478 | D:3      | Noticed Ijyb
  2488 | D:3      | Killed Ijyb
  2762 | D:4      | Noticed Robin
  2806 | D:4      | Killed Robin
  3001 | D:4      | Reached XP level 6. HP: 38/41 MP: 6/6
  3115 | D:4      | Noticed an ogre
  3144 | D:4      | Killed an ogre
  3144 | D:4      | Reached skill level 9 in Stealth
  3374 | D:4      | Acquired Okawaru's first power
  3629 | D:4      | Reached XP level 7. HP: 46/46 MP: 7/7
  3898 | D:5      | Entered Level 5 of the Dungeon
  4048 | D:5      | HP: 2/46 [centaur/arrow (7)]
  4049 | D:5      | Shot with an arrow by a centaur

Action                   |  1- 3 |  4- 6 |  7- 9 || total
-------------------------+-------+-------+-------++-------
Melee: Dagger            |    57 |    94 |    14 ||   165
 Fire: Blowgun           |       |    27 |    12 ||    39
Throw: Tomahawk          |       |       |     2 ||     2
  Use: Scroll            |       |    10 |     1 ||    11
       Potion            |       |     3 |     4 ||     7
 Stab: Sleeping          |    10 |    14 |     4 ||    28
       Distracted        |     2 |       |     1 ||     3
  Eat: Chunk             |     1 |     7 |     2 ||    10
